TOP OF THE 1ST |
State College Spikes batting - Pitching for Nantucket Orcas : RHP Rafael Ruíz
|
Pitching: RHP Rafael Ruíz
|
|
Batting: RHB Diego Benítez
|
0-0: Ball 1-0: Foul Ball, location: 2F 1-1: Fly out, F5 (Popup, 6S)
|
Batting: RHB Victor Gilbert
|
0-0: Called Strike 0-1: Swinging Strike 0-2: Ball 1-2: Foul Ball, location: 2F 1-2: Ball 2-2: Strikes out swinging
|
Batting: RHB Joe Salas
|
0-0: Swinging Strike 0-1: Foul Ball, location: 2F 0-2: Foul Ball, location: 2F 0-2: Foul Ball, location: 2F 0-2: Ball 1-2: SINGLE (Line Drive, 56)
|
Batting: RHB Emory Brooks
|
0-0: Called Strike 0-1: Ground out 4-3 (Groundball, 4S)
|
Top of the 1st over - 0 run(s), 1 hit(s), 0 error(s), 1 left on base; State College 0 - Nantucket 0 |
BOTTOM OF THE 1ST |
Nantucket Orcas batting - Pitching for State College Spikes : RHP Miguel Cardoza
|
Pitching: RHP Miguel Cardoza
|
|
Batting: RHB Charlie Pérez
|
0-0: Ball 1-0: Foul Ball, location: 2F 1-1: Swinging Strike 1-2: Ball 2-2: Ball 3-2: Strikes out looking
|
Batting: RHB Fernando Álvarez
|
0-0: Called Strike 0-1: Ball 1-1: Foul Ball, location: 2F 1-2: Ball 2-2: Foul Ball, location: 2F 2-2: SINGLE (Line Drive, 89S)
|
Batting: LHB Eugene Lee
|
0-0: Ball 1-0: Swinging Strike 1-1: Ball 2-1: Swinging Strike 2-2: Ball 3-2: Base on Balls Fernando Álvarez to second
|
Batting: RHB Mike Willis
|
0-0: Ball 1-0: SINGLE (Groundball, 4D) Fernando Álvarez to third Eugene Lee to second Runner from 3rd tries for Home, SAFE, no throw
|
Batting: LHB Juan Lima
|
0-0: Ball 1-0: Foul Ball, location: 2F 1-1: Ball Eugene Lee steals 3rd base Mike Willis to second 2-1: Ground out 3-1 (Groundball, 34) Eugene Lee scores Mike Willis to third
|
Batting: LHB Alfonso Vélez
|
0-0: Foul Ball, location: 2F 0-1: Called Strike 0-2: Foul Ball, location: 2F 0-2: Ball 1-2: Foul Ball, location: 2F 1-2: Foul Ball, location: 2F 1-2: Ball 2-2: Foul Ball, location: 2F 2-2: Foul Ball, location: 2F 2-2: Foul Ball, location: 2F 2-2: Foul Ball, location: 2F 2-2: Strikes out swinging
|
Bottom of the 1st over - 2 run(s), 2 hit(s), 0 error(s), 1 left on base; State College 0 - Nantucket 2 |
TOP OF THE 2ND |
State College Spikes batting - Pitching for Nantucket Orcas : RHP Rafael Ruíz
|
Batting: RHB Vaughan Shelton
|
0-0: Ball 1-0: Called Strike 1-1: Swinging Strike 1-2: Ball 2-2: Strikes out looking
|
Batting: LHB Edward Bennett
|
0-0: Fly out, F8 (Flyball, 8LM)
|
Batting: RHB Cory Hester
|
0-0: Foul Ball, location: 2F 0-1: Ball 1-1: Ball 2-1: Fly out, F9 (Flyball, 89M)
|
Top of the 2nd over - 0 run(s), 0 hit(s), 0 error(s), 0 left on base; State College 0 - Nantucket 2 |
BOTTOM OF THE 2ND |
Nantucket Orcas batting - Pitching for State College Spikes : RHP Miguel Cardoza
|
Batting: SHB Júlio Ayala
|
0-0: Foul Ball, location: 2F 0-1: Ball 1-1: Ball 2-1: Ball 3-1: Foul Ball, location: 2F 3-2: Foul Ball, location: 2F 3-2: Strikes out swinging
|
Batting: RHB Curt O'Brian
|
0-0: Ball 1-0: Foul Ball, location: 2F 1-1: Swinging Strike 1-2: Ball 2-2: Ball 3-2: Base on Balls
|
Batting: RHB Luis Cruz
|
0-0: Foul Ball, location: 2F 0-1: Called Strike 0-2: Ball 1-2: Ball 2-2: Ball 3-2: Foul Ball, location: 2F 3-2: Fielders Choice at 2nd, 6-4 (Groundball, 56)
|
Batting: RHB Charlie Pérez
|
0-0: Ball Luis Cruz steals 2nd base 1-0: Ball 2-0: Foul Ball, location: 2F 2-1: Foul Ball, location: 2F 2-2: Strikes out swinging wild pitch, reaches first! Luis Cruz to third
|
Batting: RHB Fernando Álvarez
|
0-0: Ball 1-0: Called Strike 1-1: Swinging Strike 1-2: Ball 2-2: Strikes out swinging
|
Bottom of the 2nd over - 0 run(s), 0 hit(s), 0 error(s), 2 left on base; State College 0 - Nantucket 2 |
TOP OF THE 3RD |
State College Spikes batting - Pitching for Nantucket Orcas : RHP Rafael Ruíz
|
Batting: RHB Andrew Pinto
|
0-0: Ball 1-0: Called Strike 1-1: Ball 2-1: SINGLE (Groundball, 56) (infield hit)
|
Batting: RHB Mike Hurt
|
0-0: Ball 1-0: Ball 2-0: Foul Ball, location: 2F 2-1: Called Strike 2-2: Grounds into double play, 6-4-3 (Groundball, 6)
|
Batting: RHB Diego Benítez
|
0-0: Called Strike 0-1: Ball 1-1: Ball 2-1: DOUBLE (Line Drive, 7LM)
|
Batting: RHB Victor Gilbert
|
0-0: Swinging Strike 0-1: Ground out U3 (Groundball, 34S)
|
Top of the 3rd over - 0 run(s), 2 hit(s), 0 error(s), 1 left on base; State College 0 - Nantucket 2 |
BOTTOM OF THE 3RD |
Nantucket Orcas batting - Pitching for State College Spikes : RHP Miguel Cardoza
|
Batting: LHB Eugene Lee
|
0-0: Ground out 4-3 (Groundball, 4)
|
Batting: RHB Mike Willis
|
0-0: Ball 1-0: Foul Ball, location: 2F 1-1: Called Strike 1-2: Foul Ball, location: 2F 1-2: Ball 2-2: Strikes out looking
|
Batting: LHB Juan Lima
|
0-0: Ball 1-0: Ball 2-0: Called Strike 2-1: Ball 3-1: Foul Ball, location: 2F 3-2: Foul Ball, location: 2F 3-2: Foul Ball, location: 2F 3-2: Foul Ball, location: 2F 3-2: Fly out, F5 (Line Drive, 5)
|
Bottom of the 3rd over - 0 run(s), 0 hit(s), 0 error(s), 0 left on base; State College 0 - Nantucket 2 |
TOP OF THE 4TH |
State College Spikes batting - Pitching for Nantucket Orcas : RHP Rafael Ruíz
|
Batting: RHB Joe Salas
|
0-0: Ball 1-0: Ball 2-0: Foul Ball, location: 2F 2-1: SINGLE (Groundball, 56D)
|
Batting: RHB Emory Brooks
|
0-0: Ball 1-0: Called Strike 1-1: Swinging Strike 1-2: Strikes out swinging
|
Batting: RHB Vaughan Shelton
|
0-0: Ball 1-0: Ball 2-0: Foul Ball, location: 2F 2-1: Foul Ball, location: 2F 2-2: Fly out, F4 (Flyball, 4MD)
|
Batting: LHB Edward Bennett
|
0-0: Ground out U3 (Groundball, 3L)
|
Top of the 4th over - 0 run(s), 1 hit(s), 0 error(s), 1 left on base; State College 0 - Nantucket 2 |
BOTTOM OF THE 4TH |
Nantucket Orcas batting - Pitching for State College Spikes : RHP Miguel Cardoza
|
Batting: LHB Alfonso Vélez
|
0-0: Swinging Strike 0-1: Swinging Strike 0-2: Foul Ball, location: 2F 0-2: Strikes out swinging
|
Pitching: RHP Drake Johnston
|
|
Batting: SHB Júlio Ayala
|
0-0: Ball 1-0: Ball 2-0: Called Strike 2-1: Ball 3-1: Ground out 4-3 (Groundball, 34)
|
Batting: RHB Curt O'Brian
|
0-0: Ball 1-0: Fly out, F9 (Flyball, 9LS)
|
Bottom of the 4th over - 0 run(s), 0 hit(s), 0 error(s), 0 left on base; State College 0 - Nantucket 2 |
TOP OF THE 5TH |
State College Spikes batting - Pitching for Nantucket Orcas : RHP Rafael Ruíz
|
Batting: RHB Cory Hester
|
0-0: Swinging Strike 0-1: Foul Ball, location: 2F 0-2: Foul Ball, location: 2F 0-2: Foul Ball, location: 2F 0-2: Ball 1-2: Strikes out swinging
|
Batting: RHB Andrew Pinto
|
0-0: Ball 1-0: SINGLE (Groundball, 56D)
|
Batting: RHB Mike Hurt
|
0-0: Ball Andrew Pinto is caught stealing 2nd base 1-0: Ball 2-0: Called Strike 2-1: Foul Ball, location: 2F 2-2: Strikes out swinging
|
Top of the 5th over - 0 run(s), 1 hit(s), 0 error(s), 0 left on base; State College 0 - Nantucket 2 |
BOTTOM OF THE 5TH |
Nantucket Orcas batting - Pitching for State College Spikes : RHP Drake Johnston
|
Batting: RHB Luis Cruz
|
0-0: Called Strike 0-1: Swinging Strike 0-2: Foul Ball, location: 2F 0-2: Strikes out swinging
|
Batting: RHB Charlie Pérez
|
0-0: SINGLE (Groundball, 6MD)
|
Batting: RHB Fernando Álvarez
|
0-0: Called Strike 0-1: Foul Ball, location: 2F 0-2: Ball 1-2: Fly out, F9 (Flyball, 9LMF)
|
Batting: LHB Eugene Lee
|
0-0: Ball 1-0: Called Strike Charlie Pérez is caught stealing 2nd base
|
Bottom of the 5th over - 0 run(s), 1 hit(s), 0 error(s), 0 left on base; State College 0 - Nantucket 2 |
TOP OF THE 6TH |
State College Spikes batting - Pitching for Nantucket Orcas : RHP Rafael Ruíz
|
Batting: RHB Diego Benítez
|
0-0: Ball 1-0: Ball 2-0: Ball 3-0: Base on Balls
|
Batting: RHB Victor Gilbert
|
0-0: Grounds into double play, 6-4-3 (Groundball, 6)
|
Batting: RHB Joe Salas
|
0-0: Called Strike 0-1: Ground out 4-3 (Groundball, 4)
|
Top of the 6th over - 0 run(s), 0 hit(s), 0 error(s), 0 left on base; State College 0 - Nantucket 2 |
BOTTOM OF THE 6TH |
Nantucket Orcas batting - Pitching for State College Spikes : RHP Drake Johnston
|
Batting: LHB Eugene Lee
|
0-0: SINGLE (Groundball, 34D)
|
Batting: RHB Mike Willis
|
0-0: Called Strike 0-1: Called Strike Eugene Lee steals 2nd base 0-2: Ball 1-2: Foul Ball, location: 2F 1-2: Foul Ball, location: 2F 1-2: Ball 2-2: Ball 3-2: Base on Balls
|
Batting: LHB Juan Lima
|
0-0: Ball Throwing error on steal attempt, E2 Eugene Lee scores Mike Willis to third 1-0: Intentional Walk
|
Batting: LHB Alfonso Vélez
|
0-0: Swinging Strike 0-1: Swinging Strike 0-2: Foul Ball, location: 2F 0-2: Strikes out swinging
|
Batting: SHB Júlio Ayala
|
0-0: Called Strike 0-1: Ground out 3-1 (Groundball, 34S) Mike Willis scores Juan Lima to second
|
Pitching: LHP Dan Brown
|
|
Batting: RHB Curt O'Brian
|
0-0: Ball 1-0: Called Strike 1-1: Called Strike 1-2: Ball 2-2: Ball 3-2: Ground out 6-3 (Groundball, 6)
|
Bottom of the 6th over - 2 run(s), 1 hit(s), 1 error(s), 1 left on base; State College 0 - Nantucket 4 |
TOP OF THE 7TH |
State College Spikes batting - Pitching for Nantucket Orcas : RHP Rafael Ruíz
|
Batting: RHB Emory Brooks
|
0-0: Ground out 5-3 (Groundball, 56)
|
Batting: RHB Vaughan Shelton
|
0-0: Called Strike 0-1: Foul Ball, location: 2F 0-2: Strikes out swinging
|
Batting: LHB Edward Bennett
|
0-0: Ball 1-0: Ground out 4-3 (Groundball, 4)
|
Top of the 7th over - 0 run(s), 0 hit(s), 0 error(s), 0 left on base; State College 0 - Nantucket 4 |
BOTTOM OF THE 7TH |
Nantucket Orcas batting - Pitching for State College Spikes : LHP Dan Brown
|
Batting: RHB Luis Cruz
|
0-0: Ball 1-0: Foul Ball, location: 2F 1-1: Foul Ball, location: 2F 1-2: Foul Ball, location: 2F 1-2: Ball 2-2: Strikes out swinging
|
Batting: RHB Charlie Pérez
|
0-0: Fly out, F8 (Flyball, 8RM)
|
Batting: RHB Fernando Álvarez
|
0-0: Ball 1-0: Ball 2-0: Called Strike 2-1: Ball 3-1: Ground out 4-3 (Groundball, 4)
|
Bottom of the 7th over - 0 run(s), 0 hit(s), 0 error(s), 0 left on base; State College 0 - Nantucket 4 |
TOP OF THE 8TH |
State College Spikes batting - Pitching for Nantucket Orcas : RHP Rafael Ruíz
|
Pitching: RHP Joe Griffin
|
|
Batting: RHB Cory Hester
|
0-0: Ground out 4-3 (Groundball, 4)
|
Batting: RHB Andrew Pinto
|
0-0: Ball 1-0: Called Strike 1-1: Swinging Strike 1-2: Ball 2-2: Foul Ball, location: 2F 2-2: Ball 3-2: Ground out 1-3 (Groundball, 13S)
|
Batting: RHB Mike Hurt
|
0-0: Called Strike 0-1: Swinging Strike 0-2: Ball 1-2: Strikes out looking
|
Top of the 8th over - 0 run(s), 0 hit(s), 0 error(s), 0 left on base; State College 0 - Nantucket 4 |
BOTTOM OF THE 8TH |
Nantucket Orcas batting - Pitching for State College Spikes : LHP Dan Brown
|
Batting: LHB Eugene Lee
|
0-0: Called Strike 0-1: Ball 1-1: Foul Ball, location: 2F 1-2: Ground out U3 (Groundball, 3)
|
Batting: RHB Mike Willis
|
0-0: Called Strike 0-1: Ball 1-1: Ball 2-1: Swinging Strike 2-2: Strikes out swinging
|
Batting: LHB Juan Lima
|
0-0: Ball 1-0: Ball 2-0: Ball 3-0: Called Strike 3-1: Foul Ball, location: 2F 3-2: Reached on error, E3 (Groundball, 34)
|
Pitching: RHP James Waddell
|
|
Batting: LHB Alfonso Vélez
|
0-0: 2-RUN HOME RUN (Flyball, 89XD), Distance : 392 ft
|
Batting: SHB Júlio Ayala
|
0-0: Ball 1-0: Called Strike 1-1: Ball 2-1: Swinging Strike 2-2: Strikes out swinging
|
Bottom of the 8th over - 2 run(s), 1 hit(s), 1 error(s), 0 left on base; State College 0 - Nantucket 6 |
TOP OF THE 9TH |
State College Spikes batting - Pitching for Nantucket Orcas : RHP Joe Griffin
|
Batting: RHB Diego Benítez
|
0-0: Ball 1-0: Foul Ball, location: 2F 1-1: Ball 2-1: Foul Ball, location: 2F 2-2: Ball 3-2: SOLO HOME RUN (Flyball, 7D), Distance : 389 ft
|
Pitching: RHP Mathew Wilcox
|
|
Batting: RHB Victor Gilbert
|
0-0: Swinging Strike 0-1: Ball 1-1: Foul Ball, location: 2F 1-2: SINGLE (Line Drive, 6MD)
|
Batting: RHB Joe Salas
|
0-0: Ball 1-0: Ball 2-0: Foul Ball, location: 2F 2-1: Foul Ball, location: 2F 2-2: SINGLE (Flyball, 8LS) Victor Gilbert to second
|
Batting: RHB Emory Brooks
|
0-0: Swinging Strike 0-1: Ball 1-1: Fly out, F7 (Flyball, 7S)
|
Batting: RHB Vaughan Shelton
|
0-0: Called Strike 0-1: Fly out, F9 (Flyball, 9)
|
Batting: LHB Edward Bennett
|
0-0: Called Strike 0-1: Foul Ball, location: 2F 0-2: Strikes out swinging
|
Top of the 9th over - 1 run(s), 3 hit(s), 0 error(s), 2 left on base; State College 1 - Nantucket 6 |
|